 Dungeon Crawl Stone Soup version 0.30-a0-972-gf3ab3527aa (webtiles) character file.

Game seed: 5377311369314499528

57 gelatine the Firebug (level 3, 0/25 HPs)
             Began as a Demonspawn Fire Elementalist on Apr 1, 2023.
             Slain by an orc
             ... wielding a +0 flail
              (7 damage)
             ... on level 3 of the Dungeon.
             The game lasted 00:03:49 (2201 turns).

gelatine the Firebug (Demonspawn Fire Elementalist) Turns: 2201, Time: 00:03:51

Health: 0/25       AC:  3    Str:  8    XL:     3   Next: 73%
Magic:  2/6        EV: 12    Int: 18    God:
Gold:   152        SH:  0    Dex: 13    Spells: 3/6 levels left

rFire   . . .      SeeInvis .    o - +1 whip (elec)
rCold   . . .      Faith    .    (no shield)
rNeg    . . .      Spirit   .    a - +0 robe
rPois   .          Reflect  .    e - +0 helmet
rElec   .          Rampage  .    (no cloak)
rCorr   .                        (no gloves)
Will    .....                    (no boots)
Stlth   ++                       (no amulet)
HPRegen 0.24/turn                (no ring)
MPRegen 0.10/turn                (no ring)

@: no status effects
A: ignite blood 1, demonic touch 1
a: no special abilities


You were on level 3 of the Dungeon.
You visited 1 branch of the dungeon, and saw 3 of its levels.

You collected 152 gold pieces.

Inventory:

Hand Weapons
 c - a +0 trident
 f - a +0 rapier
 o - a +1 whip of electrocution (weapon)
Armour
 a - a +0 robe (worn)
 e - a +0 helmet (worn)
 g - a +0 leather armour
Scrolls
 h - a scroll of blinking {unknown}
 i - a scroll of fear {unknown}
 l - 2 scrolls of identify {unknown}
 n - a scroll of enchant weapon {unknown}
Potions
 b - a potion of magic
 d - 2 potions of berserk rage {unknown}
 j - a potion of flight {unknown}
 k - a potion of attraction {unknown}
 m - a potion of curing {unknown}


   Skills:
 * Level 0.5 Fighting
 * Level 0.3 Armour
 * Level 2.0 Dodging
 + Level 2.0 Stealth
 + Level 2.2 Spellcasting
 * Level 1.5 Conjurations
 * Level 3.6 Fire Magic


You had 3 spell levels left.
You knew the following spells:

 Your Spells              Type           Power      Damage    Failure   Level
a - Foxfire               Conj/Fire      44%        2x1d4     6%          1
b - Scorch                Fire           30%        2d7       6%          2

Your spell library contained the following spells:

 Spells                   Type           Power      Damage    Failure   Level
 Inner Flame              Hex/Fire       8%         N/A       26%         3
 Kindle Blastsparks       Fire/Tloc/Air  12%        2d11      32%         3
 Flame Wave               Conj/Fire      11%        2d6       52%         4


Dungeon Overview and Level Annotations

Branches:
Dungeon (3/15)

Altars:


Innate Abilities, Weirdness & Mutations

Your demonic aura sometimes causes spilled blood to erupt in flames.
Your touch may inflict minor irresistible damage on your foes.


Message History

You climb upwards.
Reactivating autopickup.
There is a stone staircase leading down here.
Magic restored.
HP restored.
Done exploring.
You climb downwards.
The orc hits you but does no damage. x2
There is a stone staircase leading up here.
You conjure some foxfire!
The orc hits you with a +0 flail.
You barely miss the orc.
The foxfire hits the orc but does no damage. x2
The orc hits you with a +0 flail.
You conjure some foxfire!
You conjure some foxfire!
The foxfire hits the orc.
The orc is lightly wounded.
The foxfire hits the orc.
The orc is moderately wounded.
The orc priest hits you but does no damage.
The orc barely misses you.
The orc wizard mumbles some strange words.
The orc wizard flickers and vanishes!
Deactivating autopickup; reactivate with Ctrl-A.
You closely miss the orc priest.
The foxfire hits the orc.
The orc is heavily wounded.
The orc hits you but does no damage.
The orc priest hits you with a +0 short sword.
You conjure some foxfire!
You hear some strange, mumbled words.
A magic dart appears from out of thin air!
The magic dart hits you!
The orc priest hits you with a +0 short sword.
* * * LOW HITPOINT WARNING * * *
The orc closely misses you.
The foxfire hits the orc.
The orc is severely wounded.
The foxfire hits the orc but does no damage.
The orc is severely wounded.
The orc priest hits you but does no damage.
The orc hits you with a +0 flail!
You die...

.# .# ##.####
###+###......
#..........###
#####.............
###........oo....#
#####.+........{@....#
......#........##+#####
......#...............#
......#...............#
......................#
.......)..............#
..........#####.......#
#####.....# #..o.†..#
#.....# #.{o....#


You could see an orc priest and an orc.

Vanquished Creatures
  An adder (D:2)
  2 dart slugs
  2 orcs (D:3)
  4 ball pythons
  2 bats (D:1)
  4 endoplasms
  5 giant cockroaches
  5 goblins
  A hobgoblin (D:2)
  2 jackals (D:2)
  A quokka (D:2)
  5 frilled lizards
  3 kobolds
  2 rats (D:1)
39 creatures vanquished.

Vanquished Creatures (others)
  152 foxfires
152 creatures vanquished.

Grand Total: 191 creatures vanquished

Notes
Turn   | Place    | Note
-------+----------+-------------------------------------------
     0 | D:1      | gelatine the Demonspawn Fire Elementalist began the quest
                  | for the Orb.
     0 | D:1      | Reached XP level 1. HP: 13/13 MP: 3/3
   165 | D:1      | Reached skill level 3 in Fire Magic
   231 | D:1      | Gained mutation: Your demonic aura sometimes causes spilled
                  | blood to erupt in flames. [demonic ancestry]
   231 | D:1      | Reached XP level 2. HP: 17/19 MP: 1/5
  1071 | D:2      | Discovered your monstrous ancestry.
  1071 | D:2      | Gained mutation: Your touch may inflict minor irresistible
                  | damage on your foes. [demonic ancestry]
  1071 | D:2      | Reached XP level 3. HP: 24/24 MP: 4/6
  1212 | D:2      | Learned a level 2 spell: Scorch
  2201 | D:3      | Slain by an orc

Illustrated notes

Levels and vault maps discovered:
D:1:      ncdulo_lavacross, layout_loops_ring
D:2:      layout_basic, serial_glass, glass_columns_a, glass_columns_a
D:3:      layout_basic, uniq_sigmund

Skill      XL: |  1  2  3 |
---------------+----------+-----
Fire Magic     | 3 |  3.6
Dodging        | 2 |  2.0
Stealth        | 2 |  2.0
Fighting       | |  0.5
Armour         | |  0.3
Spellcasting   | |  2.2
Conjurations   | |  1.5

Action                     || total
---------------------------++-------
  Melee: Trident           ||     3
         Rapier            ||     5
         Whip              ||     2
         Touch             ||     1
   Cast: Foxfire           ||    89
 Armour: Robe              ||     8
  Dodge: Dodged            ||    13

Table legend: (Time is in decaauts)
 A = Elapsed time spent in this place.
 B = Non-inter-level travel time spent in this place.
 C = Inter-level travel time spent in this place.
 D = Time resting spent in this place.
 E = Time spent auto-exploring this place.
 F = Levels seen in this place.
 G = Mean time per level.
                   A        B        C        D        E       F      G
               +--------+--------+--------+--------+--------+-----+--------+
         Total |   2202 |   2155 |     47 |      0 |   1864 |   3 |  734.0 |
       Dungeon |   2202 |   2155 |     47 |      0 |   1864 |   3 |  734.0 |
               +--------+--------+--------+--------+--------+-----+--------+

Top non-repeatable levels by time:
     D:2: 1050 daAuts
     D:1: 1001 daAuts
     D:3: 149 daAuts
